 Dungeon Crawl Stone Soup version 0.31.0-9-g3a7656b989 (webtiles) character file.

Game seed: 7503438574710721444

504 qw the Skirmisher (level 6, -6/35 HPs)
             Began as a Deep Elf Hunter on Feb 2, 2024.
             Killed from afar by Edmund (11 damage)
             ... with a puff of flame
             ... on level 5 of the Dungeon.
             The game lasted 00:00:16 (4095 turns).

qw the Skirmisher (Deep Elf Hunter)                 Turns: 4095, Time: 00:00:17

Health: -6/35      AC:  8    Str: 16    XL:     6   Next: 96%
Magic:  8/8        EV: 11    Int: 14    God:
Gold:   210        SH:  0    Dex: 18    Spells: 5/5 levels left

rFire   . . .        a - +0 shortbow (heavy)
rCold   . . .        (shield currently unavailable)
rNeg    . . .        f - +0 ring mail
rPois   .            (no helmet)
rElec   .            (no cloak)
rCorr   .            b - +1 pair of gloves
SInv    .            e - +0 pair of boots
Will    .....        (no amulet)
Stlth   +            o - +6 ring of strength
HPRegen 0.25/turn    (no ring)
MPRegen 0.11/turn

%: no passive effects
@: no status effects
A: no striking features
a: no special abilities


You were on level 5 of the Dungeon.
You visited 1 branch of the dungeon, and saw 6 of its levels.

You collected 210 gold pieces.


   Skills:
 - Level 2.2 Fighting
 - Level 10.4 Ranged Weapons
 - Level 1.0 Armour
 + Level 2.4 Dodging
 - Level 1.2 Stealth


You had 5 spell levels left.
You didn't know any spells.
Your spell library was empty.

Inventory:

Hand Weapons
 a - a +0 heavy shortbow (weapon)
Armour
 b - a +1 pair of gloves (worn)
 e - a +0 pair of boots (worn)
 f - a +0 ring mail (worn)
Jewellery
 o - a +6 ring of strength (left hand)
Wands
 h - a wand of polymorph (7)
Potions
 d - a potion of haste {unknown}
 g - a potion of enlightenment {unknown}
 i - a potion of mutation
 j - 4 potions of curing
 k - a potion of invisibility {unknown}
 l - a potion of might {unknown}
 m - a potion of degeneration {unknown}
 n - a potion of magic {unknown}
 p - a potion of berserk rage {unknown}

Dungeon Overview and Level Annotations

Branches:
Dungeon (6/15)
 Temple: D:4-7

Altars:
Cheibriados
The Shining One

Shops:
D:2 [   D:4 (

Annotations:
D:5 Edmund


Message History

You shoot an arrow.
The arrow hits Edmund but does no damage.
Edmund is lightly wounded.
Edmund barely misses you.
Edmund zaps a wand.
The puff of flame hits you.
You shoot an arrow. The arrow barely misses Edmund.
Edmund hits you with a +2 dire flail of holy wrath.
You shoot an arrow. The arrow hits Edmund!
Edmund is moderately wounded.
Edmund misses you.
Edmund hits you with a +2 dire flail of holy wrath.
You shoot an arrow.
The arrow hits Edmund but does no damage.
Edmund is moderately wounded.
Edmund closely misses you.
You shoot an arrow. The arrow hits Edmund.
Edmund is heavily wounded.
Edmund zaps a wand.
The puff of flame hits you.
You shoot an arrow. The arrow hits Edmund.
Edmund is heavily wounded.
Edmund completely misses you.
Edmund hits you with a +2 dire flail of holy wrath!
4090 ||| DRINKING potion of heal wounds.
You feel much better.
Edmund hits you with a +2 dire flail of holy wrath.
You shoot an arrow. The arrow barely misses Edmund.
Edmund hits you with a +2 dire flail of holy wrath!
You shoot an arrow. The arrow hits Edmund!
Edmund is severely wounded.
Edmund zaps a wand.
The puff of flame hits you. Edmund hits you but does no damage.
You shoot an arrow. The arrow hits Edmund.
Edmund is severely wounded.
Edmund hits you with a +2 dire flail of holy wrath!
You shoot an arrow. The arrow barely misses Edmund.
Edmund hits you with a +2 dire flail of holy wrath.
Edmund misses you.
You shoot an arrow. The arrow closely misses Edmund.
Edmund zaps a wand.
The puff of flame hits you!
You die...
Edmund says, "That'll show my brother!"

#.......#.........#..####........
#...).....#.......#....##..####.#
#####...####......#..#.##..#....#
##### ###'##...##.###.#.##..
####### #.##..###.#......#.#
#.....####.##.## #.#.#.####.# ###
#.....##......####(#.#...#..# ..#
#.....##.#...@.....#.#...#..# ..#
#.....##.##.@................ ..#
#.....##.###.####...........#
..###.....##.###.# #.....#.....#
..........##.....# ##....#.#.....
..........##########....#.#.#....
.......#####...(.......#.#.#.#...
.......#####..........#.#.#.#.#..
.......'.............#.#.#.#.#.#.
.......####.........#.#.#.#.#.#.#


You could see Edmund.

Vanquished Creatures
  An ice beast (D:5)
  A scorpion (D:5)
  2 bombardier beetles (D:3)
  An orc priest (D:4)
  A sleepcap (D:5)
  A hound (D:4)
  An iguana (D:5)
  6 adders
  A river rat (D:3)
  A dart slug (D:3)
  3 ribbon worms
  15 orcs
  11 ball pythons
  6 endoplasms
  7 giant cockroaches
  5 goblins
  9 hobgoblins
  A jackal (D:2)
  2 quokkas
  5 bats
  5 frilled lizards
  7 kobolds
  7 rats
99 creatures vanquished.

Notes
Turn   | Place    | Note
-------+----------+-------------------------------------------
     0 | D:1      | qw the Deep Elf Hunter began the quest for the Orb.
     0 | D:1      | Reached XP level 1. HP: 12/12 MP: 3/3
     0 | D:1      | 0 ||| qw: Version: 0.3-a-155-g5e7d8dd
     0 | D:1      | 0 ||| qw: Game counter: 1161
     0 | D:1      | 0 ||| qw: Melee chars always use a shield: true
     0 | D:1      | 0 ||| qw: God list: Okawaru
     0 | D:1      | 0 ||| qw: Allow faded altars: false
     0 | D:1      | 0 ||| qw: Do Orc after clearing Dungeon:15 true
     0 | D:1      | 0 ||| qw: Do second Lair branch before Depths: true
     0 | D:1      | 0 ||| qw: Lair rune preference: random
     0 | D:1      | 0 ||| qw: Goals: Normal
     0 | D:1      | 0 ||| PLANNING D:1-11
   207 | D:1      | Reached XP level 2. HP: 16/16 MP: 4/4
   229 | D:1      | Reached skill level 6 in Ranged Weapons
   788 | D:1      | 788 ||| UPGRADING to +0 pair of boots.
   793 | D:1      | 793 ||| UPGRADING to +0 ring mail.
   803 | D:1      | 803 ||| DROPPING +0 leather armour.
   804 | D:1      | 804 ||| READING scroll labelled FUCRIGE BEIMA.
   805 | D:1      | 805 ||| READING scroll labelled ROSAUL VECK.
   805 | D:1      | 805 ||| IDENTIFYING fizzy dark potion
   806 | D:1      | 806 ||| DROPPING scroll of butterflies.
   807 | D:1      | 807 ||| DROPPING potion of attraction.
   877 | D:2      | Found a snail-covered altar of Cheibriados.
   961 | D:2      | Found Guebon's Armour Shop.
   976 | D:2      | 976 ||| SHOPLISTING +0 helmet of intelligence (126 gold,
                  | have 30).
   976 | D:2      | 976 ||| SHOPLISTING +1 leather armour of fire resistance
                  | (154 gold, have 30).
  1180 | D:2      | Reached XP level 3. HP: 12/20 MP: 5/5
  1688 | D:2      | Reached skill level 7 in Ranged Weapons
  1714 | D:2      | Reached XP level 4. HP: 25/25 MP: 6/6
  1825 | D:2      | 1825 ||| UPGRADING to +0 pair of gloves.
  1830 | D:2      | 1830 ||| READING 2 scrolls of identify.
  1830 | D:2      | 1830 ||| IDENTIFYING green potion
  1831 | D:2      | 1831 ||| READING scroll of identify.
  1831 | D:2      | 1831 ||| IDENTIFYING black potion
  1832 | D:2      | 1832 ||| READING scroll labelled PACOTW ZULLYMU.
  1833 | D:2      | 1833 ||| READING scroll labelled CUBYRO QIYWEVU.
  1833 | D:2      | 1833 ||| BRANDING +0 shortbow.
  1834 | D:2      | 1834 ||| READING scroll labelled IBIUG KAIL.
  1837 | D:2      | 1837 ||| DROPPING potion of ambrosia.
  1875 | D:3      | 1875 ||| PLANNING SEWER
  1998 | D:3      | Reached skill level 8 in Ranged Weapons
  2031 | D:3      | Reached XP level 5. HP: 29/29 MP: 7/7
  2494 | D:3      | Reached skill level 9 in Ranged Weapons
  2534 | D:3      | 2534 ||| RIP SEWER
  2584 | D:3      | 2584 ||| PLANNING D:1-11
  2646 | D:3      | 2646 ||| READING scroll labelled XOXZIL KOLE.
  2647 | D:3      | 2647 ||| DRINKING 5 brown potions.
  2649 | D:3      | 2649 ||| Stepping ~*~*~tactically~*~*~ (cloud).
  2657 | D:3      | HP: 7/30 [poisoned by you (poison gas)]
  2863 | D:4      | Reached skill level 1 in Armour
  2865 | D:4      | Reached XP level 6. HP: 34/35 MP: 8/8
  3008 | D:4      | Found Joneredo's Weapon Emporium.
  3243 | D:4      | 3243 ||| READING scroll of brand weapon.
  3243 | D:4      | 3243 ||| BRANDING +0 shortbow of freezing.
  3393 | D:4      | 3393 ||| READING scroll of identify.
  3393 | D:4      | 3393 ||| IDENTIFYING cyan potion
  3394 | D:4      | 3394 ||| READING scroll labelled RIEQOTEZAVE.
  3394 | D:4      | 3394 ||| ENCHANTING +0 pair of gloves.
  3416 | D:5      | Entered Level 5 of the Dungeon
  3547 | D:5      | Found a glowing golden altar of the Shining One.
  3791 | D:5      | Noticed an ice beast
  3798 | D:5      | Killed an ice beast
  3799 | D:5      | Reached skill level 10 in Ranged Weapons
  3977 | D:5      | 3977 ||| UPGRADING to +6 ring of strength.
  3995 | D:6      | Noticed Edmund
  3998 | D:6      | 3998 ||| STAIRDANCE
  4081 | D:6      | 4081 ||| STAIRDANCE
  4089 | D:5      | HP: 3/35 [Edmund/+2 dire flail of holy wrath (8)]
  4090 | D:5      | 4090 ||| DRINKING potion of heal wounds.
  4094 | D:5      | HP: 5/35 [Edmund/+2 dire flail of holy wrath (3)]
  4095 | D:5      | Killed from afar by Edmund

Levels and vault maps discovered:
D:1:      lightli_arrival_statue_moat, layout_basic, roderic_serpentine_path,
          minmay_misc_feat_x
D:2:      minmay_chambers_of_twos, layout_basic, serial_shops, shop, basic_altar
D:3:      wad_pebble_path, layout_basic,
          mainiacjoe_sewer_entry_somewhere_in_here_2, hangedman_decor_growths
D:4:      layout_loops_ring, serial_shops, shop
D:5:      layout_basic, tso_oasis_becter, nicolae_the_louvre
D:6:      layout_loops_ring, minmay_increasing_density, uniq_duvessa,
          uniq_edmund, uniq_menkaure

Skill      XL: |  1  2  3  4  5  6 |
---------------+-------------------+-----
Ranged Weapons | 6 7 8 9 10 | 10.4
Fighting       | 2 |  2.2
Armour         | 1 |  1.0
Dodging        | |  2.4
Stealth        | |  1.2

Action                     |  1- 3 |  4- 6 || total
---------------------------+-------+-------++-------
   Fire: Shortbow          |   134 |   183 ||   317
    Use: Scroll            |     2 |     9 ||    11
         Potion            |       |     2 ||     2
 Armour: Leather armour    |     6 |       ||     6
         Ring mail         |    18 |    54 ||    72
  Dodge: Dodged            |    25 |    42 ||    67

Table legend:
 A = Non-vault XP
 B = Vault XP
 C = Vault XP percentage of total XP
 D = Non-vault monster count
 E = Vault monster count
 F = Vault count percentage of total count
                 A         B        C        D         E       F
            +---------+---------+-------+---------+---------+-------
      Total |     648 |      72 |  10.0 |      84 |      15 |  15.2
            +---------+---------+-------+---------+---------+-------
        D:1 |      31 |       0 |   0.0 |      21 |       0 |   0.0
        D:2 |      41 |      37 |  47.4 |      17 |       8 |  32.0
        D:3 |     149 |      35 |  19.0 |      20 |       7 |  25.9
        D:4 |     107 |       0 |   0.0 |      13 |       0 |   0.0
        D:5 |     320 |       0 |   0.0 |      13 |       0 |   0.0
            +---------+---------+-------+---------+---------+-------
